 Dungeon Crawl Stone Soup version 0.18.0-1-g0107ab7 (webtiles) character file.

63022 shmeve the Cleaver (level 14, -11/133 HPs)
             Began as a Minotaur Berserker on May 6, 2016.
             Was the Champion of Trog.
             Splashed by an oklob plant's acid (15 damage)
             ... on level 3 of the Lair of Beasts.
             The game lasted 01:11:37 (25822 turns).

shmeve the Cleaver (Minotaur Berserker)            Turns: 25822, Time: 01:11:38

Health: -11/133    AC:  5    Str: 21    XL:     14   Next: 66%
Magic:  13/13      EV: 11    Int: 13    God:    Trog [******]
Gold:   1897       SH: 14    Dex: 12    Spells: 0 memorised, 13 levels left

rFire  . . .     SeeInvis .     W - +12 hand axe of Xile {speed, Dex+2}
rCold  . . .     Gourm    .     R - +5 plate armour "Wuxeijell" {rN+++ Str-5 Int+8 Stlth-}
rNeg   + + +     Faith    +     m - +0 shield
rPois  .         Spirit   .     O - +2 hat
rElec  .         Dismiss  .     B - +2 cloak {MR+}
rCorr  .         Reflect  .     n - +0 pair of gloves (curse)
SustAt .         Harm     .     a - +1 pair of boots
MR     +++..                    K - amulet of faith
Stlth  ..........               P - +1 ring of evasion
                                q - ring of protection from magic

@: corroded, extremely resistant to hostile enchantments, extremely unstealthy
A: retaliatory headbutt, horns 2
a: Berserk, Trog's Hand, Brothers in Arms, Burn Spellbooks, Renounce Religion


You were on level 3 of the Lair of Beasts.
You worshipped Trog.
Trog was exalted by your worship.
You were not hungry.

You visited 3 branches of the dungeon, and saw 20 of its levels.
You also visited: Labyrinth, Sewer and Ossuary.

You collected 1897 gold pieces.

Inventory:

Hand Weapons
 W - the +12 hand axe of Xile (weapon) {speed, Dex+2}
   (Trog gifted it to you on level 8 of the Lair of Beasts)

   Attacks with this weapon are significantly faster.
   It affects your dexterity (+2).
Missiles
 b - 9 poisoned javelins
 M - 3 javelins of penetration
 U - 6 javelins of returning (quivered)
Armour
 a - a +1 pair of boots (worn)
 m - a +0 shield (worn)
 n - a cursed +0 pair of gloves (worn)
 B - a +2 cloak of magic resistance (worn)
 O - a +2 hat (worn)
 R - the +5 plate armour "Wuxeijell" (worn) {rN+++ Str-5 Int+8 Stlth-}
   (You found it in a labyrinth)

   It affects your strength (-5).
   It affects your intelligence (+8).
   It renders you almost immune to negative energy.
   It makes you less stealthy.
Jewellery
 j - an uncursed ring of stealth
 q - a ring of protection from magic (left hand)
 F - an uncursed ring of positive energy
 H - an uncursed ring of protection from cold
 J - an uncursed ring of positive energy
 K - an amulet of faith (around neck)
 N - an uncursed ring of resist corrosion
 P - a +1 ring of evasion (right hand)
 S - an uncursed ring of positive energy
Wands
 X - a wand of heal wounds (5/9)
Scrolls
 g - 5 scrolls of teleportation
 k - a scroll of enchant armour
 o - 4 scrolls of enchant weapon
 w - a scroll of recharging
 D - 2 scrolls of magic mapping
 E - 8 scrolls of remove curse
 G - a scroll of fear
 L - a scroll of fog
Potions
 d - 2 potions of brilliance
 e - 2 potions of heal wounds
 i - 5 potions of agility
 l - 3 potions of haste {unknown}
 p - 7 potions of curing
 r - 7 potions of flight
 s - 6 potions of might
 t - 5 potions of invisibility
 v - a potion of mutation {unknown}
 x - 3 potions of cancellation
 z - 2 potions of resistance
 A - a potion of experience {unknown}
 C - 2 potions of berserk rage
Comestibles
 c - 8 bread rations
 f - 8 meat rations
 h - 4 chunks of flesh
 u - a slice of pizza
 Q - 24 royal jellies
 T - 21 fruits


   Skills:
 * Level 14.6 Fighting
 * Level 14.7 Axes
 + Level 9.1 Throwing
 + Level 10.6 Armour
 + Level 9.7 Dodging
 * Level 14.6 Shields


You had 13 spell levels left.
You didn't know any spells.

Dungeon Overview and Level Annotations

Branches:
Dungeon (11/15)            Temple (1/1) D:7            Lair (8/8) D:11
 Shoals (0/4) Lair:4       Spider (0/4) Lair:6        Slime (0/6) Lair:8
    Orc: D:9-12

Altars:
Ashenzari
Cheibriados
Dithmenos
Elyvilon
Fedhas
Kikubaaqudgha
Makhleb
Nemelex Xobeh
Okawaru
Pakellas
Qazlal
Ru
Trog
Vehumet
Xom
Yredelemnul
Zin
The Shining One

Shops:
D:11 %

Annotations:
Lair:3 exclusion: 3 oklob plants
Lair:5 exclusion: 3 oklob plants


Innate Abilities, Weirdness & Mutations

You reflexively headbutt those who attack you in melee.
You have a pair of horns on your head.


Message History

The splash of acid hits you! The acid corrodes you!
The acid burns!
The oklob plant spits acid at you. The splash of acid hits you!
The acid corrodes you!
The acid burns!
The oklob plant spits acid at you. The splash of acid hits you!
The acid burns!
The oklob plant spits acid at you. The splash of acid hits you!
* * * LOW HITPOINT WARNING * * *
The acid burns!
* * * LOW HITPOINT WARNING * * *
The oklob plant spits acid at you. The splash of acid hits you!
* * * LOW HITPOINT WARNING * * *
The acid corrodes you!
The acid burns!
* * * LOW HITPOINT WARNING * * *
The oklob plant spits acid at you. The splash of acid hits you!
* * * LOW HITPOINT WARNING * * *
The acid corrodes you!
The acid burns!
You die...

##### #>>>#
#####...#####
#P≈≈.....≈≈P#
#P≈....)..≈P#
#.≈...@...≈P#
#P≈.......≈P# ....
#P≈.......≈P#......
#P≈≈.....≈≈P#.......
######'######.......
#..............
#.#............
###............
###..........


You could see 3 oklob plants.

Vanquished Creatures
  Gastronok (Lair:3)
  A minotaur (Lab)
  Erolcha (D:9)
  6 hydras
  An ice dragon (Lair:8)
  5 death yaks (Lair:5)
  The ghost of Styron the Blocker, a novice MiBe of Trog (D:10)
  A hill giant (D:11)
  An oklob plant (Lair:3)
  3 lindwurms
  3 griffons
  Joseph (Lair:1)
  4 black mambas
  9 elephants
  A gargoyle (D:11)
  16 spiny frogs
  A centaur skeleton (D:10)
  5 torpor snails (Lair:8)
  2 rime drakes
  6 komodo dragons
  2 two-headed ogres
  8 polar bears (Lair:8)
  3 giant leeches (Lair:8)
  A queen bee (Lair:6)
  9 blink frogs
  3 raiju (Lair:8)
  Grinder (D:4)
  A redback (Lair:6)
  Sigmund (D:2)
  50 yaks
  3 wyverns
  2 shadows (Lab)
  3 basilisks
  A hippogriff (shapeshifter) (D:9)
  7 hungry ghosts
  9 hippogriffs
  The ghost of Captinkiss the Skirmisher, an amateur GrFi (D:3)
  7 wargs (Lair:8)
  15 porcupines
  Duvessa (D:5)
  20 water moccasins
  5 hell hounds (Lair:8)
  3 orc warriors
  3 sky beasts
  Purgy (Sewer)
  6 ice beasts
  13 black bears (Lair:8)
  3 wasps (Lair:8)
  5 ogres
  A phantom (D:7)
  27 wolves
  5 centaurs
  13 crocodiles
  3 elf zombies (Ossuary)
  A big kobold (D:11)
  A gnoll sergeant (D:7)
  15 giant frogs
  Dowan (D:5)
  8 scorpions
  35 killer bees
  An electric eel (Lair:7)
  6 crimson imps
  A centaur zombie (D:8)
  A giant frog zombie (D:11)
  A human zombie (Ossuary)
  3 quasits
  4 jellies
  22 hounds
  Crazy Yiuf (D:6)
  5 orc priests
  Ijyb (D:3)
  Jessica (D:2)
  10 iguanas
  5 orc wizards
  5 hell rats
  8 worker ants
  Terence (D:3)
  19 sheep
  A big kobold zombie (Ossuary)
  A hound zombie (D:6)
  4 hound skeletons
  4 mummies
  Robin (D:3)
  10 gnolls
  12 adders
  48 river rats
  A shadow imp (D:7)
  3 oozes
  2 adder skeletons
  4 adder zombies
  22 worms
  A dart slug (D:1)
  10 giant geckos
  20 orcs
  3 giant cockroaches
  18 goblins
  9 hobgoblins
  11 jackals
  2 quokkas
  4 ball pythons
  18 bats
  A giant cockroach zombie (D:6)
  4 giant newts
  4 goblin zombies (Ossuary)
  7 hobgoblin zombies
  A jackal skeleton (D:4)
  3 jackal zombies (Ossuary)
  11 kobolds
  5 kobold zombies
  2 orc zombies (Ossuary)
  A quokka skeleton (D:8)
  3 quokka zombies (Ossuary)
  33 rats
  5 rat zombies (Ossuary)
  10 fungi
  11 plants
771 creatures vanquished.

Vanquished Creatures (others)
  A komodo dragon (Lair:8)
  7 fungi
  9 plants (Lair:8)
17 creatures vanquished.

Grand Total: 788 creatures vanquished

Notes
Turn   | Place    | Note
--------------------------------------------------------------
     0 | D:1      | shmeve the Minotaur Berserker began the quest for the Orb.
     0 | D:1      | Reached XP level 1. HP: 19/19 MP: 0/0
   130 | D:1      | Found a glowing golden altar of the Shining One.
   240 | D:1      | Reached XP level 2. HP: 18/27 MP: 1/1
   508 | D:1      | Reached XP level 3. HP: 4/33 MP: 2/2
   807 | D:1      | Reached ** piety under Trog
   996 | D:1      | HP: 1/33 [gnoll/club (4)]
  1432 | D:2      | Reached skill level 1 in Throwing
  1609 | D:2      | Found a glowing silver altar of Zin.
  1689 | D:2      | Noticed Sigmund
  1697 | D:2      | Killed Sigmund
  1697 | D:2      | Reached XP level 4. HP: 22/41 MP: 3/3
  1697 | D:2      | Reached XP level 5. HP: 25/47 MP: 4/4
  1926 | D:2      | Noticed Jessica
  1944 | D:2      | Killed Jessica
  2097 | D:3      | Noticed Robin
  2107 | D:3      | Killed Robin
  2107 | D:3      | Reached XP level 6. HP: 55/55 MP: 5/5
  2132 | D:3      | Noticed Terence
  2145 | D:3      | Killed Terence
  2145 | D:3      | Reached skill level 5 in Fighting
  2186 | D:3      | Reached *** piety under Trog
  2188 | D:3      | Found a white marble altar of Elyvilon.
  2198 | D:3      | Found a shadowy altar of Dithmenos.
  2200 | D:3      | Found a bloodstained altar of Trog.
  2213 | D:3      | Found an ancient bone altar of Kikubaaqudgha.
  2217 | D:3      | Found an oddly glowing altar of Pakellas.
  2326 | D:3      | Noticed Ijyb
  2337 | D:3      | Killed Ijyb
  2341 | D:3      | Noticed Captinkiss's ghost (amateur GrFi)
  2346 | D:3      | Killed Captinkiss's ghost
  2346 | D:3      | Reached skill level 5 in Shields
  2473 | D:3      | Found a faded altar to an unknown god.
  2477 | D:3      | Reached skill level 5 in Axes
  2522 | D:3      | Reached XP level 7. HP: 32/61 MP: 6/6
  3387 | D:4      | Found a glowing drain.
  3392 | Sewer    | Entered a sewer
  3413 | Sewer    | Noticed Purgy
  3424 | Sewer    | Killed Purgy
  3606 | D:4      | Noticed Grinder
  3943 | D:4      | Paralysed by Grinder for 6 turns
  3952 | D:4      | Killed Grinder
  3952 | D:4      | Reached XP level 8. HP: 70/70 MP: 7/7
  4494 | D:5      | Entered Level 5 of the Dungeon
  4682 | D:5      | Noticed Dowan
  4683 | D:5      | Noticed Duvessa
  4718 | D:5      | Killed Dowan
  5069 | D:5      | Killed Duvessa
  5605 | D:6      | Noticed Crazy Yiuf
  5947 | D:6      | Found a burning altar of Makhleb.
  6029 | D:6      | Reached **** piety under Trog
  6069 | D:6      | Killed Crazy Yiuf
  6329 | D:6      | Received a gift from Trog
  6517 | D:6      | Reached XP level 9. HP: 73/79 MP: 8/8
  6555 | D:6      | Reached skill level 5 in Armour
  7019 | D:7      | Found a sacrificial altar of Ru.
  7083 | D:7      | Found a staircase to the Ecumenical Temple.
  7576 | D:7      | Reached ***** piety under Trog
  7613 | D:7      | Reached skill level 5 in Dodging
  7796 | D:7      | Found a blossoming altar of Fedhas.
  8045 | Temple   | Entered the Ecumenical Temple
  8152 | D:8      | Received a gift from Trog
  8418 | D:8      | Reached XP level 10. HP: 85/90 MP: 9/9
  8451 | D:8      | Found a sand-covered staircase.
  8458 | Ossuary  | Entered an ossuary
  9880 | D:9      | Reached skill level 5 in Throwing
  9945 | D:9      | Received a gift from Trog
  9970 | D:9      | Noticed Erolcha
  9974 | D:9      | Killed Erolcha
 10215 | D:10     | Entered Level 10 of the Dungeon
 10329 | D:10     | Noticed Styron's ghost (novice MiBe)
 10340 | D:10     | Killed Styron's ghost
 10340 | D:10     | Reached skill level 10 in Fighting
 10397 | D:10     | Reached skill level 10 in Axes
 10417 | D:10     | Reached skill level 10 in Shields
 10419 | D:10     | Reached XP level 11. HP: 66/99 MP: 10/10
 11318 | D:11     | Found a staircase to the Lair.
 11382 | D:11     | Noticed a hill giant
 11393 | D:11     | Killed a hill giant
 11636 | D:11     | Found Obawkueho's Food Shoppe.
 11945 | D:11     | Received a gift from Trog
 12758 | Lair:1   | Entered Level 1 of the Lair of Beasts
 12934 | Lair:1   | Noticed a four-headed hydra
 12943 | Lair:1   | Killed a seven-headed hydra
 12967 | Lair:1   | Reached ****** piety under Trog
 13254 | Lair:1   | Received a gift from Trog
 13544 | Lair:1   | Noticed Joseph
 13558 | Lair:1   | Killed Joseph
 13558 | Lair:1   | Reached XP level 12. HP: 92/110 MP: 11/11
 14246 | Lair:2   | Noticed a six-headed hydra
 14254 | Lair:2   | Killed a nine-headed hydra
 14399 | Lair:2   | Found a shattered altar of Ashenzari.
 14463 | Lair:2   | Received a gift from Trog
 14748 | Lair:3   | Noticed Gastronok
 14772 | Lair:3   | Killed Gastronok
 14817 | Lair:3   | Found a labyrinth entrance.
 14827 | Lab      | Entered a labyrinth
 14925 | Lab      | Paralysed by fainting for 6 turns
 17464 | Lab      | Noticed a minotaur
 17477 | Lab      | Killed a minotaur
 17481 | Lab      | Got a coiled wooden ring
 17489 | Lab      | Got a dazzling plate armour
 17500 | Lab      | Identified the +5 plate armour "Wuxeijell" {rN+++ Str-5 Int+8 Stlth-} (You found it in a labyrinth)
 17503 | Lab      | Identified the ring "Dintu" {*Corrode rF++ rN+ AC+1 Dex+4} (You found it in a labyrinth)
 17908 | Lair:3   | Noticed a six-headed hydra
 17913 | Lair:3   | Killed an eight-headed hydra
 17915 | Lair:3   | Reached XP level 13. HP: 119/119 MP: 12/12
 18196 | Lair:3   | Received a gift from Trog
 19604 | Lair:4   | Found a staircase to the Shoals.
 19796 | Lair:4   | Received a gift from Trog
 21502 | Lair:5   | Received a gift from Trog
 22080 | Lair:6   | Received a gift from Trog
 22208 | Lair:6   | Received a gift from Trog
 22478 | Lair:6   | Found a hole to the Spider Nest.
 22988 | Lair:7   | Reached skill level 10 in Armour
 23195 | Lair:7   | Received a gift from Trog
 23227 | Lair:7   | Reached XP level 14. HP: 128/130 MP: 13/13
 23977 | Lair:8   | Entered Level 8 of the Lair of Beasts
 24021 | Lair:8   | Received a gift from Trog
 24296 | Lair:8   | Received a gift from Trog
 24686 | Lair:8   | Received a gift from Trog
 24709 | Lair:8   | Got an ichor-stained hand axe {god gift}
 24710 | Lair:8   | Identified the +12 hand axe of Xile {speed, Dex+2} (Trog gifted it to you on level 8 of the Lair of Beasts)
 25109 | Lair:8   | Found a staircase to the Slime Pits.
 25176 | Lair:8   | Found a runed door.
 25318 | Lair:8   | Received a gift from Trog
 25822 | Lair:3   | HP: 6/133 [acid (13)]
 25822 | Lair:3   | Splashed by an oklob plant's acid

Skill      XL: |  1  2  3  4  5  6  7  8  9 10 11 12 13 14 |
---------------+-------------------------------------------+-----
Fighting       | 4 5 6 7 8 10 11 12 13 14 | 14.6
Axes           | 4 5 7 8 10 11 12 13 14 | 14.7
Throwing       | 1 2 3 4 5 6 7 8 9 |  9.1
Shields        | 4 5 6 7 8 10 11 12 13 14 | 14.6
Armour         | 3 4 6 7 8 9 10 | 10.6
Dodging        | 3 4 5 6 7 8 9 |  9.7

Action                   |  1- 3 |  4- 6 |  7- 9 | 10-12 | 13-15 || total
-------------------------+-------+-------+-------+-------+-------++-------
Melee: Hand axe          |    97 |    77 |   540 |   513 |   204 ||  1431
       Headbutt          |     9 |    13 |   116 |   181 |   166 ||   485
       War axe           |       |       |       |   332 |   618 ||   950
Throw: Tomahawk          |       |       |    24 |       |       ||    24
       Javelin           |       |       |       |     6 |    45 ||    51
Invok: Berserk           |     2 |     2 |     2 |     6 |     4 ||    16
       Trog's Hand       |     1 |       |     3 |     2 |       ||     6
       Burn Spellbooks   |       |       |       |     1 |     3 ||     4
  Use: Scroll            |       |       |    15 |    11 |     7 ||    33
  Eat: Chunk             |     4 |     5 |    22 |    27 |    24 ||    82
       Royal jelly       |       |       |     1 |     1 |       ||     2
       Fruit             |       |       |     3 |     3 |       ||     6
       Pizza             |       |       |       |     4 |       ||     4
       Beef jerky        |       |       |       |     3 |     1 ||     4
       Meat ration       |       |       |       |       |     1 ||     1
Armor: Animal skin       |    28 |    13 |       |       |       ||    41
       Chain mail        |       |    29 |   244 |   139 |       ||   412
       Plate armour      |       |       |       |   188 |   437 ||   625
Dodge: Dodged            |    58 |    47 |   129 |   235 |   271 ||   740
Block: Shield            |       |    62 |   271 |   443 |   553 ||  1329
